 Dungeon Crawl Stone Soup version 0.26.0-7-g794d0892b4 (webtiles) character file.

Game seed: 3128262195325444384

62 vvl the Skirmisher (level 4, -2/41 HPs)
             Began as a Hill Orc Fighter on Jan 11, 2021.
             Shot with an arrow by a centaur (4 damage)
             ... on level 5 of the Dungeon.
             The game lasted 00:02:14 (747 turns).

vvl the Skirmisher (Hill Orc Fighter)                Turns: 747, Time: 00:02:15

Health: -2/41      AC:  6    Str: 19    XL:     4   Next: 8%
Magic:  5/5        EV:  7    Int:  8    God:
Gold:   36         SH:  9    Dex: 10    Spells: 3/3 levels left

rFire    . . .     SeeInvis .   a - +0 war axe
rCold    . . .     Faith    .   c - +0 kite shield
rNeg     . . .     Spirit   .   b - +0 scale mail
rPois    .         Reflect  .   (no helmet)
rElec    .         Harm     .   (no cloak)
rCorr    .         Rampage  .   (no gloves)
Will     .....                  (no boots)
Stlth    ..........             (no amulet)
HPRegen  0.13/turn              (no ring)
MPRegen  0.09/turn              (no ring)

@: lethally poisoned (-2 -> -10), flying
A: no striking features
a: no special abilities


You were on level 5 of the Dungeon.
You visited 1 branch of the dungeon, and saw 5 of its levels.

You collected 36 gold pieces.

Inventory:

Hand Weapons
 a - a +0 war axe (weapon)
Armour
 b - a +0 scale mail (worn)
 c - a +0 kite shield (worn)
 i - a +2 chain mail of fire resistance
Jewellery
 h - an uncursed ring of wizardry {unknown}
Scrolls
 e - 2 scrolls of identify {unknown}
 g - a scroll of remove curse {unknown}
Potions
 d - a potion of might


   Skills:
 * Level 4.3 Fighting
 + Level 3.3 Axes
 + Level 3.6 Armour
 + Level 3.6 Shields
 + Level 1.4 Invocations
 + Level 1.0 Evocations


You had 3 spell levels left.
You didn't know any spells.
Your spell library was empty.

Dungeon Overview and Level Annotations

Branches:
Dungeon (5/15)
 Temple: D:4-7

Altars:


Message History

You feel sick.
The centaur shouts!
There is a stone staircase leading up here.
* * * LOW HITPOINT WARNING * * *
You feel sick.
It was a potion of flight.
You feel very buoyant.
You fly up into the air.
* * * LOW HITPOINT WARNING * * *
You feel sick. You block the worker ant's attack.
The centaur wields a +0 shortbow.
The centaur shoots an arrow.
The arrow hits you.
* * * LOW HITPOINT WARNING * * *
The worker ant barely misses you.
You hit the worker ant but do no damage.
The worker ant is heavily wounded.
* * * LOW HITPOINT WARNING * * *
You feel sick.
The centaur shoots an arrow.
The arrow barely misses you.
The centaur shoots an arrow.
The arrow hits you.
You die...

# ##. # #.#
#..###.#
#....(@##
#....#.B<#
...
###........
. ###..c...
#.....
#.... ....
... ..


You could see a centaur and a worker ant.

Vanquished Creatures
  A bullfrog zombie (D:3)
  An adder (D:3)
  An adder skeleton (D:4)
  A leopard gecko (D:1)
  4 orcs
  A giant cockroach (D:4)
  A goblin (D:1)
  2 hobgoblins (D:1)
  2 bats
14 creatures vanquished.

Notes
Turn   | Place    | Note
-------+----------+-------------------------------------------
     0 | D:1      | vvl the Hill Orc Fighter began the quest for the Orb.
     0 | D:1      | Reached XP level 1. HP: 19/19 MP: 1/1
   217 | D:1      | Reached XP level 2. HP: 26/27 MP: 2/2
   308 | D:3      | Reached skill level 4 in Fighting
   536 | D:3      | Reached skill level 1 in Invocations
   536 | D:3      | Reached skill level 1 in Evocations
   536 | D:3      | Reached XP level 3. HP: 28/33 MP: 3/3
   717 | D:4      | Reached XP level 4. HP: 41/41 MP: 5/5
   720 | D:4      | Noticed a phantom
   744 | D:5      | Entered Level 5 of the Dungeon
   744 | D:5      | Noticed a centaur
   746 | D:5      | HP: 2/41 [centaur/arrow (3)]
   747 | D:5      | Shot with an arrow by a centaur

Illustrated notes

Levels and vault maps discovered:
D:1:      mrwooster_arrival_statue, layout_basic
D:2:      layout_loops_ring, uniq_crazy_yiuf_cottage
D:3:      layout_loops_ring
D:4:      layout_loops_ring, corexii_shack, xom_confusion_cloud, uniq_menkaure
D:5:      layout_layer_cave, serial_shops, shop, serial_bayou_lagoon_b

Skill      XL: |  1  2 |
---------------+-------+-----
Fighting       | 4 |  4.3
Axes           | 3 |  3.3
Invocations    | 1 |  1.4
Evocations     | 1 |  1.0
Armour         | |  3.6
Shields        | |  3.6

Action                   |  1- 3 |  4- 6 || total
-------------------------+-------+-------++-------
Melee: War axe           |    62 |     6 ||    68
  Use: Potion            |       |     1 ||     1
Armor: Scale mail        |    31 |     6 ||    37
Dodge: Dodged            |    18 |     5 ||    23
Block: Kite shield       |    35 |     3 ||    38
